 Dungeon Crawl Stone Soup version 0.27.1-1-g398f81649c (webtiles) character file.

Game seed: 1088564606406692884

217 T3K the Chopper (level 5, 0/42 HPs)
             Began as a Hill Orc Monk on Sept 9, 2021.
             Was an Initiate of Beogh.
             Slain by a phantom (6 damage)
             ... on level 5 of the Dungeon.
             The game lasted 00:17:46 (3986 turns).

T3K the Chopper (Hill Orc Monk)                     Turns: 3986, Time: 00:17:46

Health: 0/42       AC:  4    Str: 15    XL:     5   Next: 94%
Magic:  5/5        EV: 13    Int: 10    God:    Beogh [......]
Gold:   184        SH:  0    Dex: 13    Spells: 2/4 levels left

rFire    . . .     SeeInvis .   g - +1 dagger (venom)
rCold    . . .     Faith    .   (no shield)
rNeg     . . .     Spirit   .   i - +0 animal skin
rPois    .         Reflect  .   j - +1 helmet
rElec    .         Harm     .   (no cloak)
rCorr    +         Rampage  .   (no gloves)
Will     .....                  (no boots)
Stlth    ++........             (no amulet)
HPRegen  0.14/turn              d - ring of resist corrosion
MPRegen  0.09/turn              k - ring of wizardry

@: hasted, very quick
A: reduced essence
a: Renounce Religion


You were on level 5 of the Dungeon.
You worshipped Beogh.
Beogh was noncommittal.
You visited 1 branch of the dungeon, and saw 5 of its levels.

You collected 184 gold pieces.

Inventory:

Hand Weapons
 a - a +0 hand axe
 g - a +1 dagger of venom (weapon)
 h - a +2 club
Missiles
 f - 4 curare-tipped darts (quivered)
Armour
 b - a +0 robe
 i - a +0 animal skin (worn)
 j - a +1 helmet (worn)
Jewellery
 d - a ring of resist corrosion (left hand)
 k - a ring of wizardry (right hand)
Scrolls
 m - a scroll of identify
Potions
 e - 2 potions of curing


   Skills:
 + Level 4.8 Fighting
 + Level 0.3 Short Blades
 + Level 5.5(5.6) Axes
 + Level 0.8(3.0) Maces & Flails
 + Level 0.2 Throwing
 + Level 3.2 Dodging
 + Level 2.8 Stealth


You had 2 spell levels left.
You knew the following spells:

 Your Spells              Type           Power      Damage    Failure   Level
a - Poisonous Vapours     Pois/Air       0%         N/A       22%         2

Your spell library contained the following spells:

 Spells                   Type           Power      Damage    Failure   Level
 Corpse Rot               Necr/Air       N/A        N/A       22%         2
 Fulminant Prism          Conj/Hex       0%         3d6       80%         4
 Iskenderun's Mystic Bla  Conj/Tloc      0%         2d3       80%         4
 Freezing Cloud           Conj/Ice/Air   0%         6-21      98%         5
 Lee's Rapid Deconstruct  Erth           0%         3d5*      98%         5


Dungeon Overview and Level Annotations

Branches:
Dungeon (5/15)
 Temple: D:4-7

Altars:
Hepliaklqana
Kikubaaqudgha
Nemelex Xobeh


Message History

The phantom is lightly damaged.
The phantom hits you.
The phantom blinks!
You blink.
You closely miss the phantom.
The phantom is lightly damaged.
The phantom barely misses you.
You hit the phantom.
The phantom is moderately damaged.
The phantom completely misses you.
You miss the phantom.
The phantom is moderately damaged.
The phantom hits you.
You hit the phantom.
The phantom is moderately damaged.
The phantom hits you.
* * * LOW HITPOINT WARNING * * *
The phantom blinks!
You blink.
The phantom barely misses you.
You hit the phantom.
The phantom is heavily damaged.
The phantom barely misses you.
You hit the phantom.
The phantom is heavily damaged.
The phantom hits you.
* * * LOW HITPOINT WARNING * * *
The phantom blinks!
You blink.
You feel better. The phantom hits you.
You feel yourself speed up. The phantom hits you!
* * * LOW HITPOINT WARNING * * *
You hit the phantom.
The phantom is heavily damaged.
The phantom barely misses you.
You hit the phantom.
The phantom is heavily damaged.
The phantom hits you but does no damage.
You hit the phantom but do no damage.
The phantom is heavily damaged.
You hit the phantom but do no damage.
The phantom is heavily damaged.
The phantom hits you.
You die...

#..######<####
.............+
............##
.#.#####....#
#....# #....#
#....#
#######....######
+...........@(..#
###########W....##
#......# #......#
###....... ...#.##
####... ..


You could see a phantom.

Vanquished Creatures
  An ogre (D:3)
  A centaur zombie (D:5)
  An orc priest (D:4)
  An iguana (D:3)
  A howler monkey zombie (D:4)
  Robin (D:3)
  3 adders
  An ufetubus (D:5)
  3 dart slugs
  5 orcs (D:4)
  6 ball pythons
  A bat (D:2)
  3 endoplasms
  2 giant cockroaches
  8 goblins
  4 hobgoblins
  2 quokkas
  3 frilled lizards
  6 kobolds
  2 rats
55 creatures vanquished.

Vanquished Creatures (collateral kills)
  A dart slug (D:3)
  2 orcs
  2 endoplasms (D:4)
  8 goblins (D:3)
  3 hobgoblins
  A kobold (D:3)
  A rat (D:3)
18 creatures vanquished.

Vanquished Creatures (others)
  An orc priest (D:4)
  An orc wizard (D:4)
  An adder (D:4)
  A howler monkey skeleton (D:4)
  5 orcs (D:4)
  A goblin (D:4)
  A kobold (D:4)
  A hexer (D:3)
12 creatures vanquished.

Grand Total: 85 creatures vanquished

Notes
Turn   | Place    | Note
-------+----------+-------------------------------------------
     0 | D:1      | T3K the Hill Orc Monk began the quest for the Orb.
     0 | D:1      | Reached XP level 1. HP: 19/19 MP: 1/1
   249 | D:1      | Reached XP level 2. HP: 27/27 MP: 2/2
  1177 | D:2      | Reached XP level 3. HP: 31/33 MP: 3/3
  1197 | D:2      | Found a faded altar of an unknown god.
  1210 | D:2      | Became a worshipper of Hepliaklqana the Forgotten
  1210 | D:2      | Reached * piety under Hepliaklqana
  1210 | D:2      | Reached ** piety under Hepliaklqana
  1216 | D:2      | Remembered your ancestor Publius as a hexer
  1610 | D:3      | Noticed Robin
  1661 | D:3      | Killed Robin
  1662 | D:3      | Reached skill level 5 in Axes
  1662 | D:3      | Reached XP level 4. HP: 6/36 MP: 4/4
  2312 | D:3      | Noticed an ogre
  2320 | D:3      | Killed an ogre
  2321 | D:3      | Reached XP level 5. HP: 42/42 MP: 5/5
  2842 | D:4      | Reached *** piety under Hepliaklqana
  2972 | D:4      | Fell from the grace of Hepliaklqana
  2972 | D:4      | Became a worshipper of Beogh the Brigand
  3081 | D:4      | Learned a level 2 spell: Poisonous Vapours
  3246 | D:4      | Noticed a black bear
  3453 | D:4      | Found a sparkling altar of Nemelex Xobeh.
  3476 | D:4      | Found an ancient bone altar of Kikubaaqudgha.
  3596 | D:4      | Noticed an ogre
  3808 | D:5      | Entered Level 5 of the Dungeon
  3961 | D:5      | Noticed a phantom
  3986 | D:5      | Slain by a phantom

Illustrated notes

Levels and vault maps discovered:
D:1:      giann_horns, layout_basic
D:2:      layout_rooms, hellmonk_ecumenical_altar_leap_of_faith
D:3:      layout_loops_ring, uniq_robin
D:4:      layout_cave_pools, mainiacjoe_overflow_big_doors, minmay_ruined_shrine
D:5:      layout_basic, general_overflow_altar, st_stairs_3

Skill      XL: |  1  2  3 |
---------------+----------+-----
Fighting       | 4 |  4.8
Dodging        | 3 |  3.2
Axes           | 5 |  5.5
Stealth        | 2 |  2.8
Short Blades   | |  0.3
Maces & Flails | |  0.8
Throwing       | |  0.2

Action                   |  1- 3 |  4- 6 || total
-------------------------+-------+-------++-------
Melee: Hand axe          |    88 |       ||    88
       Dagger            |    12 |   111 ||   123
       Club              |       |    35 ||    35
Throw: Dart              |     1 |     7 ||     8
Invok: Recall Ancestor   |     1 |       ||     1
       Ancestor Life: He |     1 |       ||     1
       Convert to Beogh  |       |     1 ||     1
Evoke: Wand              |       |     6 ||     6
  Use: Potion            |     2 |     7 ||     9
       Scroll            |     2 |     5 ||     7
 Stab: Sleeping          |     3 |     1 ||     4
       Confused          |     1 |     3 ||     4
       Distracted        |       |     1 ||     1
Armor: Robe              |    22 |       ||    22
       Animal skin       |       |    48 ||    48
Dodge: Dodged            |    65 |    97 ||   162
